 Dungeon Crawl Stone Soup version 0.29.0-4-gdea44cf6ec (webtiles) character file.

Game seed: 5527887373022794023

399 Flugkiller the Chopper (level 6, -5/56 HPs)
             Began as a Minotaur Fighter on Aug 27, 2022.
             Slain by an orc warrior
             ... wielding a +0 scimitar
              (8 damage)
             ... on level 4 of the Dungeon.
             The game lasted 00:01:40 (3127 turns).

Flugkiller the Chopper (Minotaur Fighter)           Turns: 3127, Time: 00:01:41

Health: -5/56      AC: 12    Str: 20    XL:     6   Next: 54%
Magic:  5/5        EV:  7    Int:  5    God:
Gold:   145        SH:  4    Dex: 12    Spells: 5/5 levels left

rFire   . . .      SeeInvis .   a - +0 war axe
rCold   . . .      Faith    .   c - +0 buckler
rNeg    . . .      Spirit   .   j - +0 chain mail
rPois   .          Reflect  .   (helmet restricted)
rElec   .          Harm     .   (no cloak)
rCorr   .          Rampage  .   i - +1 pair of gloves
Will    .....                   (no boots)
Stlth   ..........              (no amulet)
HPRegen 0.18/turn               (no ring)
MPRegen 0.09/turn               (no ring)

@: mighty
A: horns 2, retaliatory headbutt
a: no special abilities


You were on level 4 of the Dungeon.
You visited 1 branch of the dungeon, and saw 4 of its levels.

You collected 145 gold pieces.

Inventory:

Hand Weapons
 a - a +0 war axe (weapon)
Armour
 b - a +0 scale mail
 c - a +0 buckler (worn)
 i - a +1 pair of gloves (worn)
   (You found it on level 1 of the Dungeon)
 j - a +0 chain mail (worn)
   (You found it on level 1 of the Dungeon)
Jewellery
 v - a ring of flight
   (You found it on level 2 of the Dungeon)
Scrolls
 l - a scroll of enchant armour
 o - a scroll of summoning
 t - 2 scrolls of enchant weapon
 y - a scroll of brand weapon {unknown}
 z - a scroll of blinking
Potions
 e - 2 potions of mutation
 f - a potion of ambrosia {unknown}
 h - 2 potions of invisibility
 k - 2 potions of lignification {unknown}
 n - 2 potions of flight
 p - 2 potions of magic {unknown}
 q - a potion of curing
 u - 2 potions of berserk rage {unknown}
 w - a potion of haste {unknown}
 A - a potion of heal wounds {unknown}
 B - 3 potions of cancellation {unknown}


   Skills:
 + Level 5.4 Fighting
 * Level 6.2 Axes
 + Level 5.4 Armour
 - Level 3.6 Shields


You had 5 spell levels left.
You didn't know any spells.
Your spell library was empty.

Dungeon Overview and Level Annotations

Branches:
Dungeon (4/15)
 Temple: D:4-7

Altars:
Vehumet

Annotations:
D:4 3 runed translucent doors, exclusion: statue, zkyp's ghost, weakling DgDe


Innate Abilities, Weirdness & Mutations

You have a pair of horns on your head.
You reflexively headbutt those who attack you in melee.


Message History

There is a stone staircase leading up here.
An iguana is nearby!
An iguana is nearby!
You slash the iguana! Your headbutt misses the iguana.
The iguana is heavily wounded.
The iguana bites you but does no damage.
You completely miss the iguana.
The iguana is heavily wounded.
You block the iguana's attack.
The iguana bites you but does no damage.
You hit the iguana but do no damage.
The iguana is heavily wounded.
The iguana barely misses you.
You hit the iguana.
The iguana is severely wounded.
The iguana bites you!
You slash the iguana!
You kill the iguana!
No target in view!
No target in view!
You see here an iguana corpse.
HP restored.
A dart slug comes into view.
A dart slug is nearby!
A dart slug is nearby!
You hit the dart slug.
The dart slug is heavily wounded.
You hit the dart slug.
The dart slug is almost dead.
The dart slug launches a dart at you. The slug dart misses you.
You hit the dart slug.
You kill the dart slug!
No target in view!
No target in view!
No target in view!
Found an escape hatch in the floor.
A goblin comes into view. It is wielding a +2 dagger of speed.
A goblin is nearby!
The goblin hits you but does no damage.
You slash the goblin!
You kill the goblin!
No target in view!
You see here a +2 dagger of speed.
An endoplasm comes into view.
An endoplasm is nearby!
An endoplasm is nearby!
A hobgoblin comes into view.
The endoplasm quivers.
The hobgoblin shouts!
Found a bubbling dark potion.
You slash the endoplasm!
You kill the endoplasm!
You slash the hobgoblin!
You kill the hobgoblin!
No target in view!
No target in view!
No target in view!
No target in view!
Found an escape hatch in the ceiling.
B - 3 bubbling dark potions (gained 1)
An endoplasm comes into view.
The endoplasm quivers.
An endoplasm is nearby!
The endoplasm freezes you.
You are frozen.
You hit the endoplasm.
The endoplasm is heavily wounded.
You block the endoplasm's attack.
An endoplasm is nearby!
You slash the endoplasm!
You kill the endoplasm!
The orc warrior unwields a +0 scimitar.
The orc warrior wields a +0 arbalest.
The orc warrior shoots a bolt.
The bolt hits you.
The orc warrior shoots a bolt.
The bolt hits you but does no damage.
An orc warrior is nearby!
An orc warrior is nearby!
The orc warrior shoots a bolt.
You block the bolt.
The orc warrior shoots a bolt.
The bolt closely misses you.
The orc warrior shoots a bolt.
The bolt hits you!
You see here an orange potion.
You feel very mighty all of a sudden.
The orc warrior unwields a +0 arbalest.
The orc warrior wields a +0 scimitar.
The orc warrior hits you with a +0 scimitar!
You slash the orc warrior!
The orc warrior is heavily wounded.
The orc warrior hits you with a +0 scimitar!
* * * LOW HITPOINT WARNING * * *
You are too injured to fight recklessly!
You barely miss the orc warrior.
The orc warrior is heavily wounded.
The orc warrior hits you with a +0 scimitar.
* * * LOW HITPOINT WARNING * * *
The orc warrior hits you with a +0 scimitar!
* * * LOW HITPOINT WARNING * * *
You are too injured to fight recklessly!
You hit the orc warrior. You headbutt the orc warrior!
The orc warrior is severely wounded.
The orc warrior hits you with a +0 scimitar!
You die...

...........♣.♣.♣ #....
♣♣♣♣......#.....# ####.
#....>......♣.♣.♣ ..
.........######## #.
######.[............ .
#......###### ... ##
#......# ... [.
####......# #.# #.
##.......@.# #.#####.
...##....o.# #.#.....
.##........# #.......
#P♣♣...###########.......
.. ♣♣..## #..............
. ♣♣P♣.# #.##.....#.###.
..♣ ♣.P..# #.#......#.#
#. #).P♣P♣.##
#.#.#.####.# #. #.......#
#.#........###.


You could see an orc warrior.

Vanquished Creatures
  An ogre (D:4)
  A phantom (D:3)
  A scorpion (D:4)
  A howler monkey (D:4)
  A jelly (D:4)
  An iguana (D:4)
  3 adders
  A dart slug (D:4)
  3 orcs (D:4)
  7 ball pythons
  10 endoplasms
  3 giant cockroaches
  3 goblins
  7 hobgoblins
  5 kobolds
  2 quokkas
  7 bats
  A frilled lizard (D:1)
  6 rats
64 creatures vanquished.

Vanquished Creatures (others)
  4 plants (D:4)
4 creatures vanquished.

Grand Total: 68 creatures vanquished

Notes
Turn   | Place    | Note
-------+----------+-------------------------------------------
     0 | D:1      | Flugkiller the Minotaur Fighter began the quest for the
                  | Orb.
     0 | D:1      | Reached XP level 1. HP: 19/19 MP: 0/0
   170 | D:1      | Reached skill level 3 in Axes
   170 | D:1      | Reached XP level 2. HP: 27/27 MP: 1/1
   444 | D:1      | Reached XP level 3. HP: 33/33 MP: 2/2
  1545 | D:3      | Reached skill level 4 in Axes
  1692 | D:3      | Reached XP level 4. HP: 40/40 MP: 3/3
  1982 | D:3      | Noticed a phantom
  1986 | D:3      | Killed a phantom
  1987 | D:3      | Reached XP level 5. HP: 41/47 MP: 4/4
  2164 | D:4      | Noticed an ogre
  2171 | D:4      | Killed an ogre
  2172 | D:4      | Reached skill level 5 in Axes
  2172 | D:4      | Reached skill level 5 in Armour
  2396 | D:4      | Reached skill level 5 in Fighting
  2396 | D:4      | Reached XP level 6. HP: 52/56 MP: 5/5
  2480 | D:4      | Found a radiant altar of Vehumet.
  2519 | D:4      | Found a runed translucent gate.
  2521 | D:4      | Found a runed translucent gate.
  2523 | D:4      | Found a runed translucent gate.
  2569 | D:4      | Reached skill level 6 in Axes
  2652 | D:4      | Noticed an orc warrior
  2693 | D:4      | Noticed zkyp's ghost (weakling DgDe)
  3127 | D:4      | Slain by an orc warrior

Illustrated notes

Levels and vault maps discovered:
D:1:      kilobyte_arrival_exit_the_forest, layout_rooms,
          minmay_misc_feat_nine_boxes
D:2:      layout_basic, kennysheep_pointless_box
D:3:      layout_loops_ring
D:4:      layout_basic, vehumet_statue, kennysheep_mini,
          gammafunk_ghost_necromancy, serial_forest,
          infiniplex_forest_straight_3, infiniplex_forest_clump_medium,
          infiniplex_forest_straight_2, infiniplex_forest_straight_2,
          infiniplex_forest_clump_double, infiniplex_forest_lined_corner

Skill      XL: |  1  2  3  4  5  6 |
---------------+-------------------+-----
Axes           | 3 4 5 6 |  6.2
Armour         | 4 5 |  5.4
Fighting       | 4 5 |  5.4
Shields        | |  3.6

Action                   |  1- 3 |  4- 6 || total
-------------------------+-------+-------++-------
Melee: War axe           |    79 |    50 ||   129
       Headbutt          |    10 |     9 ||    19
  Use: Scroll            |       |     9 ||     9
       Potion            |       |     2 ||     2
Armor: Scale mail        |    13 |       ||    13
       Chain mail        |    26 |    20 ||    46
Dodge: Dodged            |    42 |    16 ||    58
Block: Buckler           |    22 |     9 ||    31
